 Dungeon Crawl Stone Soup version 0.29.0-4-gdea44cf6ec (webtiles) character file.

Game seed: 16842580076292512941

17 qw the Chopper (level 2, 0/17 HPs)
             Began as a Tengu Warper on Aug 28, 2022.
             Succumbed to their own poison gas
             ... on level 1 of the Dungeon.
             The game lasted 00:00:04 (1000 turns).

qw the Chopper (Tengu Warper)                       Turns: 1000, Time: 00:00:05

Health: 0/17       AC:  5    Str: 11    XL:     2   Next: 62%
Magic:  6/6        EV: 10    Int: 13    God:
Gold:   98         SH:  0    Dex: 13    Spells: 5/5 levels left

rFire   . . .      SeeInvis .   Y - +0 hand axe
rCold   . . .      Faith    .   (no shield)
rNeg    . . .      Spirit   .   g - +0 ring mail
rPois   .          Reflect  .   (helmet restricted)
rElec   .          Harm     .   (no cloak)
rCorr   .          Rampage  .   (no gloves)
Will    .....                   (boots unavailable)
Stlth   +.........              (no amulet)
HPRegen 0.05/turn               (no ring)
MPRegen 0.10/turn               (no ring)

@: lethally poisoned (0 -> -5), very slow
A: beak, talons 3
a: no special abilities


You were on level 1 of the Dungeon.
You visited 1 branch of the dungeon, and saw 1 of its levels.

You collected 98 gold pieces.


Innate Abilities, Weirdness & Mutations

You have a beak for a mouth.
You have claws for feet.


   Skills:
 - Level 2.0 Fighting
 + Level 3.4 Axes
 - Level 1.0 Throwing
 - Level 1.1 Armour
 - Level 2.1 Dodging
 - Level 2.0 Spellcasting
 - Level 2.4 Translocations


You had 5 spell levels left.
You didn't know any spells.
Your spell library contained the following spells:

 Spells                   Type           Power      Damage    Failure   Level
 Blink                    Tloc           14%        N/A       34%         2
 Gell's Gravitas          Tloc           7%         N/A       56%         3
 Lesser Beckoning         Tloc           7%         N/A       56%         3
 Teleport Other           Tloc           7%         N/A       56%         3
 Manifold Assault         Tloc           7%         N/A       99%         5

Inventory:

Hand Weapons
 f - a +0 whip
 Y - a +0 hand axe (weapon)
Armour
 g - a +0 ring mail (worn)
Scrolls
 e - a scroll of identify
Potions
 j - a potion of flight {unknown}
 k - a potion of haste {unknown}
 m - a potion of cancellation {unknown}

Dungeon Overview and Level Annotations

Branches:
Dungeon (1/15)

Altars:


Message History

Really abort (and waste the scroll)?
Partly explored, can't reach some places.
992 ||| READING scroll labelled TEHAFR XOOGEBUAM.
As you read the scroll labelled TEHAFR XOOGEBUAM, it crumbles to dust.
It is a scroll of enchant armour.
Really abort (and waste the scroll)?
Partly explored, can't reach some places.
993 ||| READING scroll labelled DUTECOLEME.
As you read the scroll labelled DUTECOLEME, it crumbles to dust.
It is a scroll of amnesia.
You feel forgetful for a moment.
Partly explored, can't reach some places.
994 ||| READING scroll labelled LERGHE DAYD INI.
As you read the scroll labelled LERGHE DAYD INI, it crumbles to dust.
You assume a fearsome visage.
Nothing appears to happen.
It was a scroll of fear.
Partly explored, can't reach some places.
995 ||| DROPPING scroll of blinking.
You drop a scroll of blinking.
You hear a splash.
Partly explored, can't reach some places.
(D) Dungeon
Where to? (* - list waypoints, ? - help)
What level of the Dungeon? (default 1, ? - help) Sorry, I don't know how to get there.
Partly explored, can't reach some places.
996 ||| Stepping randomly (stuck).
Really walk into that cloud of poison gas?
You are engulfed in poison gas.
You are poisoned.
You feel very sick.
997 ||| Stepping ~*~*~tactically~*~*~ (cloud).
You enter the shallow water.
Moving in this stuff is going to be slow.
You feel very sick.
Things that are here:
a scroll of blinking; a +0 leather armour
There is a lethal amount of poison in your body!
You feel sick.
There is a lethal amount of poison in your body!
You feel sick.
There is a lethal amount of poison in your body!
You die...

#...#......# #############
#.........####...........#
#.##......#0############.#
######.##......#¤##.0.......#.#
.......##....>##¤0#0#######.#.#
#########0....#000¤.# #.#.#
#¤¤¤..#000~0# #.#.#
#¤¤00¤#0¤0¤.#######.#.#
#.0¤.00.@00.00¤...#.#.#
#¤00¤00¤00000####.#.#.# #
#0#0##¤¤00¤0¤.###.#.#.# #
#.#.##0¤00000¤#...#.#.# ##
#.#..0..000¤00#.###.#.# .###
#.#.##¤00¤.0¤¤#.#.#.#.# ...###
#....¤0¤.¤00¤¤#.#.#.#.# .....#
###.##.0¤0¤00¤#.#.#.#.#
...#.######.##..~~.~..#.#.#.#.#


There were no monsters in sight!

Vanquished Creatures
  3 endoplasms (D:1)
  A goblin (D:1)
  5 hobgoblins (D:1)
  A quokka (D:1)
  3 bats (D:1)
  A kobold (D:1)
  A rat (D:1)
15 creatures vanquished.

Notes
Turn   | Place    | Note
-------+----------+-------------------------------------------
     0 | D:1      | qw the Tengu Warper began the quest for the Orb.
     0 | D:1      | Reached XP level 1. HP: 12/12 MP: 4/4
     0 | D:1      | 0 ||| qw: Version: 0.1-a-89-g26bdef1
     0 | D:1      | 0 ||| qw: Game counter: 2542
     0 | D:1      | 0 ||| qw: Always use a shield: true
     0 | D:1      | 0 ||| qw: God list: Okawaru
     0 | D:1      | 0 ||| qw: Allow faded altars: false
     0 | D:1      | 0 ||| qw: Do Orc after D:15 true
     0 | D:1      | 0 ||| qw: Do second Lair branch before Depths: true
     0 | D:1      | 0 ||| qw: Lair rune preference: random
     0 | D:1      | 0 ||| qw: Plans: Normal
     0 | D:1      | 0 ||| PLANNING D:1-11
   416 | D:1      | Reached XP level 2. HP: 17/17 MP: 6/6
   494 | D:1      | Reached skill level 3 in Axes
   979 | D:1      | 979 ||| UPGRADING to +0 ring mail.
   989 | D:1      | 989 ||| DROPPING +0 leather armour.
   990 | D:1      | 990 ||| READING scroll labelled HECWIU QAFIHIV.
   991 | D:1      | 991 ||| READING 2 scrolls labelled UTUISI BOFUKU.
   992 | D:1      | 992 ||| READING scroll labelled TEHAFR XOOGEBUAM.
   993 | D:1      | 993 ||| READING scroll labelled DUTECOLEME.
   994 | D:1      | 994 ||| READING scroll labelled LERGHE DAYD INI.
   995 | D:1      | 995 ||| DROPPING scroll of blinking.
   996 | D:1      | 996 ||| Stepping randomly (stuck).
   997 | D:1      | 997 ||| Stepping ~*~*~tactically~*~*~ (cloud).
   997 | D:1      | HP: 4/17 [poisoned by you (poison gas)]
   999 | D:1      | HP: 1/17 [poisoned by you (poison gas)]
  1000 | D:1      | Succumbed to their own poison gas

Levels and vault maps discovered:
D:1:      nicolae_arrival_washed_ashore, layout_basic,
          chequers_serial_rivers_small_3

Skill      XL: |  1  2 |
---------------+-------+-----
Axes           | 3 |  3.4
Fighting       | |  2.0
Throwing       | |  1.0
Armour         | |  1.1
Dodging        | |  2.1
Spellcasting   | |  2.0
Translocations | |  2.4

Action                   || total
-------------------------++-------
Melee: Hand axe          ||    33
       Peck              ||     7
       Kick              ||     8
Throw: Boomerang         ||     7
  Use: Scroll            ||     5
Armor: Leather armour    ||     5
Dodge: Dodged            ||    14

Table legend:
 A = Non-vault XP
 B = Vault XP
 C = Vault XP percentage of total XP
 D = Non-vault monster count
 E = Vault monster count
 F = Vault count percentage of total count
                 A         B        C        D         E       F
            +---------+---------+-------+---------+---------+-------
      Total |      25 |       0 |   0.0 |      15 |       0 |   0.0
            +---------+---------+-------+---------+---------+-------
        D:1 |      25 |       0 |   0.0 |      15 |       0 |   0.0
            +---------+---------+-------+---------+---------+-------
